 Zot Defence DCSS version 0.11.3 (webtiles) character file.

108 Greboboi the Shield-Bearer (level 4, -6/46 HPs)
             Began as a Troll Fighter on June 24, 2018.
             Mangled by Veacaf the ogre
             ... wielding a +0,+0 giant spiked club
              (18 damage)
             ... in the Realm of Zot (Scenario I: Hall of Zot).
             The game lasted 00:07:30 (546 turns).

Greboboi the Shield-Bearer (Troll Fighter)           Turns: 546, Time: 00:07:30

HP  -6/46        AC  5     Str 25      XL: 4   Next: 21%
MP   1/1         EV  8     Int  4      God:
Gold 20          SH 18     Dex  9      Spells:  0 memorised,  3 levels left

Res.Fire  : . . .   See Invis. : .     - Unarmed
Res.Cold  : . . .   Warding    : .   b - +0 robe
Life Prot.: . . .   Conserve   : .   c - +0 shield
Res.Poison: .       Res.Corr.  : .   (helmet restricted)
Res.Elec. : .       Clarity    : .   (no cloak)
Sust.Abil.: . .     Spirit.Shd : .   (gloves unavailable)
Res.Mut.  : .       Stasis     : .   (boots unavailable)
Res.Rott. : .       Ctrl.Telep.: +   (no amulet)
Gourmand  : +       Levitation : .   (no ring) Ctrl.Flight: .
                                     (no ring)

@: slightly resistant to hostile enchantments, very unstealthy
A: unfitting armour, claws 3, fast metabolism 3, gourmand, regeneration 2,
saprovore 2, teleport control, tough skin 2, AC +1
a: Make dart trap, Make oklob sapling, Make arrow trap, Make plant, Remove Curse


You were in the Realm of Zot.
You were not hungry.

You visited 1 branch of the dungeon, and saw 1 of its levels.

Inventory:

Armour
 b - a +0 robe (worn)
 c - a +0 shield (worn)
Comestibles
 d - 2 meat rations
Scrolls
 i - a scroll of blinking
Potions
 a - 3 potions of curing
 e - a potion of heal wounds
 f - a potion of speed
 g - 2 potions of magic
 h - a potion of berserk rage


   Skills:
 + Level 2.5 Fighting
 * Level 1.7 Armour
 * Level 2.8 Dodging
 * Level 2.8 Shields
 + Level 1.6 Traps & Doors
 * Level 2.6 Unarmed Combat


You had 3 spell levels left.
You didn't know any spells.

Dungeon Overview and Level Annotations

Branches:
    Zot (1/1)

Altars:


Innate Abilities, Weirdness & Mutations

You are too large for most types of armour.
You have claws for hands.
Your metabolism is lightning-fast.
You like to eat raw meat.
You heal very quickly.
You can eat rotten meat.
You are covered in fur (AC +1).
You can control translocations.
You have very tough skin (AC +2).


Message History

The hobgoblin dies!
A dart hits Veacaf!
An arrow hits Veacaf, but does no damage!
A dart misses the rat!
A rat comes into view.
A dart hits the rat!
The rat dies!
You completely miss Veacaf.
Veacaf is lightly wounded.
Veacaf hits you with a giant spiked club!
Ouch! That really hurt!
* * * LOW HITPOINT WARNING * * *
You are too injured to fight recklessly!
You are too injured to fight recklessly!
You claw Veacaf!
Veacaf begins to bleed from its wounds!
Veacaf is heavily wounded.
You claw Veacaf!
Veacaf is severely wounded.
Veacaf hits you with a giant spiked club!
You die...

######## ######## ....####
####.... .......### ###.......
.........## ##.........
..........# ######### #..........
..........###.......###..........
..........##.........##..........
........^^#PP..%%.....#^^........
.........^^^PP.O@%...^^^.........
........^^#..P...)....#^^........
..........##.........##..........
..........###.......###..........
..........# ######### #..........
.........## ##.........
.......### ###....... ....####
####.... ######### #########


You could see Veacaf the ogre (bleeding).

Vanquished Creatures
  A giant gecko (Zot)
  4 ball pythons (Zot)
  A hobgoblin (Zot)
  3 kobolds (Zot)
  2 oozes (Zot)
  10 bats (Zot)
  6 giant cockroaches (Zot)
  2 giant newts (Zot)
  6 goblins (Zot)
  A toadstool (Zot)
36 creatures vanquished.

Vanquished Creatures (others)
  2 ball pythons (Zot)
  A giant cockroach (Zot)
  A hobgoblin (Zot)
  6 kobolds (Zot)
  3 giant newts (Zot)
  A goblin (Zot)
  3 rats (Zot)
17 creatures vanquished.

Grand Total: 53 creatures vanquished

Notes
Turn   | Place    | Note
--------------------------------------------------------------
     0 | Zot      | Greboboi, the Troll Fighter, began the quest for the Orb.
     0 | Zot      | Reached XP level 1. HP: 23/23 MP: 0/0
   212 | Zot      | Reached XP level 2. HP: 31/31 MP: 0/0
   226 | Zot      | Reached skill level 1 in Armour
   298 | Zot      | Reached XP level 3. HP: 37/37 MP: 1/1
   498 | Zot      | Reached XP level 4. HP: 44/46 MP: 1/1
   538 | Zot      | Noticed Veacaf
   546 | Zot      | Mangled by Veacaf the ogre
